 Dungeon Crawl Stone Soup version 0.25-a0-785-gb22c70e859 (webtiles) character file.

Game seed: 4181279698398169096, levelgen mode: deterministic

6906 MisterFreud the Blocker (level 11, -10/87 HPs)
             Began as a Gnoll Fighter on Apr 17, 2020.
             Was a Believer of Ashenzari.
             Mangled by an orc knight
             ... wielding a +0 trident
              (35 damage)
             ... in a bailey.
             The game lasted 00:22:29 (10918 turns).

MisterFreud the Blocker (Gnoll Fighter)            Turns: 10918, Time: 00:22:30

Health: -10/87     AC: 15    Str: 18    XL:     11   Next: 6%
Magic:  19/19      EV:  8    Int: 14    God:    Ashenzari [**....]
Gold:   191        SH: 12    Dex: 15    Spells: 21/21 levels left

rFire    . . .     SeeInvis .   A - +4 short sword (venom) (curse)
rCold    . . .     Gourm    .   c - +0 kite shield (curse)
rNeg     . . .     Faith    .   d - +0 plate armour
rPois    .         Spirit   .   (no helmet)
rElec    .         Reflect  .   (no cloak)
rCorr    .         Harm     .   (no gloves)
MR       +....                  X - +0 pair of boots {run}
Stlth    ..........             (no amulet)
HPRegen  0.24/turn              I - ring of protection from magic
MPRegen  0.16/turn              Q - ring of wizardry

@: quick
A: distributed training, fangs 1, strong nose
a: Curse Item, Scrying, Renounce Religion


You were in a bailey.
You worshipped Ashenzari.
Ashenzari was pleased with you.
You were hungry.

You visited 2 branches of the dungeon, and saw 11 of its levels.
You also visited: Ossuary and Bailey.

You collected 530 gold pieces.
You spent 339 gold pieces at shops.

Inventory:

Hand Weapons
 a - a +0 rapier
 s - a +0 dagger
 A - a cursed +4 short sword of venom (weapon)
Missiles
 h - 236 stones (quivered)
 k - 20 poisoned darts
 o - 265 arrows
 t - 50 bolts
 x - 4 boomerangs
 E - 50 sling bullets
 H - a throwing net
 O - 7 datura-tipped darts
 V - 3 silver boomerangs
Armour
 b - a +0 scale mail
 c - a cursed +0 kite shield (worn)
 d - a +0 plate armour (worn)
 z - a +0 pair of boots
 X - a +0 pair of boots of running (worn)
Jewellery
 D - a +4 ring of dexterity
 I - a ring of protection from magic (left hand)
 Q - a ring of wizardry (right hand)
Wands
 p - a wand of random effects (21)
 M - a wand of acid (5)
 S - a wand of digging (3)
Scrolls
 e - 5 scrolls of remove curse
 i - 2 scrolls of enchant weapon
 j - a scroll of fog
 m - a scroll of amnesia {unknown}
 q - 8 scrolls of teleportation
 v - 2 scrolls of blinking
 w - a scroll of random uselessness
 y - a scroll of magic mapping {unknown}
 F - a scroll of immolation
 L - a scroll of torment
 N - a scroll of fear
 P - a scroll of enchant armour {unknown}
 T - a scroll of vulnerability {unknown}
 W - a scroll of identify
Potions
 l - 3 potions of flight
 n - 2 potions of magic
 r - a potion of berserk rage
 u - 2 potions of resistance
 B - a potion of invisibility
 C - 2 potions of cancellation
 G - 2 potions of brilliance {unknown}
 J - 3 potions of lignification
 K - 3 potions of stabbing
 R - 2 potions of mutation
Miscellaneous
 U - a box of beasts
Comestibles
 f - 17 rations
 g - 3 chunks of flesh


   Skills:
 + Level 8.9 Fighting
 + Level 7.5(9.8) Short Blades
 + Level 5.8 Long Blades
 + Level 5.8 Axes
 + Level 5.8 Maces & Flails
 + Level 5.8 Polearms
 + Level 5.8 Staves
 + Level 5.8 Slings
 + Level 5.8 Bows
 + Level 5.8 Crossbows
 + Level 5.8 Throwing
 + Level 8.9 Armour
 + Level 5.8 Dodging
 + Level 5.8 Stealth
 + Level 8.9(10.3) Shields
 + Level 5.8 Unarmed Combat
 + Level 5.8 Spellcasting
 + Level 4.8 Conjurations
 + Level 4.8 Hexes
 + Level 4.8 Charms
 + Level 4.8 Summonings
 + Level 4.8 Necromancy
 + Level 4.8 Translocations
 + Level 4.8 Transmutations
 + Level 4.8 Fire Magic
 + Level 4.8 Ice Magic
 + Level 4.8 Air Magic
 + Level 4.8 Earth Magic
 + Level 4.8 Poison Magic
 + Level 6.4 Invocations
 + Level 5.8 Evocations


You had 21 spell levels left.
You didn't know any spells.
Your spell library contained the following spells:

 Spells                   Type           Power        Failure   Level  Hunger
 Ignite Poison            Fire/Tmut/Pois ###.....     71%         3    ###....
 Cause Fear               Hex            ###.......   98%         4    ####...
 Fireball                 Conj/Fire      ###.......   100%        5    ######.
 Silence                  Hex/Air        ###.......   100%        5    ######.
 Yara's Violent Unravell  Hex/Tmut       ###.......   100%        5    ######.
 Deflect Missiles         Chrm/Air       ###.......   100%        6    #######
 Starburst                Conj/Fire      ###.......   100%        6    #######
 Ring of Flames           Chrm/Fire      ###.......   100%        7    #######
 Discord                  Hex            ###.......   100%        8    #######
 Ignition                 Fire           ###.......   100%        8    #######


Dungeon Overview and Level Annotations

Branches:
Dungeon (10/15)            Temple (1/1) D:4         Ossuary (visited)
 Bailey (1/1)
   Lair: D:8-11         Orc: D:9-12

Altars:
Ashenzari
Dithmenos
Elyvilon
Fedhas
Gozag
Kikubaaqudgha
Makhleb
Okawaru
Qazlal
Ru
Sif Muna
Trog
Uskayaw
Wu Jian
Xom
Zin
The Shining One

Shops:
D:4 :   D:7 *%?


Innate Abilities, Weirdness & Mutations

Your experience applies equally to all skills.
You have very sharp teeth.
Your uncanny sense of smell can sniff out nearby items.


Message History

Your bite misses the orc knight.
The orc knight is moderately wounded.
The orc knight roars a battlecry!
The orc knight goes into a battle-frenzy!
The orc knight hits you with a +0 trident!!
You puncture the orc knight! Your bite misses the orc knight.
The orc knight is moderately wounded.
You hit the orc knight.
The orc knight looks as sick as possible!
You bite the orc knight.
The orc knight is heavily wounded.
The orc knight hits you with a +0 trident!!
* * * LOW HITPOINT WARNING * * *
Your shield and plate armour prevent you from hitting the orc knight.
The orc knight is heavily wounded.
The orc warrior no longer looks unusually strong.
Unknown command.
You close the door.
The orc knight hits you with a +0 trident!!
You die...

....##.....# #####..≈.#
########'#############.≈.#
.)'#.§.§..§§.##.$$$.##.≈.#
)##.§§≈≈≈§§§..## $.##..≈.#
##..§≈§..§§§§..##.##..≈≈.#
#..≈≈...⌠..o§≈..#'#..≈≈.∩#
#..≈≈§.⌠∩⌠.o§≈..#'#..≈≈.##
##..§§..§.o§≈..##.##..≈≈.#
.##..§≈§≈≈≈≈..#+@o.##..≈.#
..##.........##.....##.≈.#
####§###+#############.≈.#
....##.....##..........≈.#
≈≈≈..##.∩.##.)≈≈≈≈≈≈≈≈≈≈.#
..≈≈..##,##..≈≈..........#
#..≈≈.)###..≈≈..##########
##..≈≈.....≈≈..##
##..≈≈≈≈≈≈≈..##


You could see an orc knight.

Vanquished Creatures
  2 two-headed ogres
  Joseph (D:7)
  2 trolls (D:9)
  Prince Ribbit (D:6)
  A spriggan (D:7)
  A steam dragon (D:8)
  Edmund (D:4)
  A water moccasin (D:9)
  4 orc warriors
  2 ice beasts
  2 sky beasts
  A necrophage (D:7)
  2 eyes of draining
  3 ogres (D:4)
  2 centaurs
  2 big kobolds
  3 elf zombies
  5 bullfrogs
  An elf skeleton (D:7)
  2 scorpions
  A howler monkey (D:4)
  6 crimson imps
  2 bullfrog zombies
  4 centaur zombies
  2 hounds (D:5)
  5 orc priests
  3 jellies
  9 orc wizards
  4 centaur skeletons
  5 iguanas
  11 worker ants
  2 big kobold zombies (Ossuary)
  A hound zombie (D:3)
  2 hound skeletons (D:3)
  2 mummies (Ossuary)
  A worker ant zombie (D:3)
  9 gnolls
  5 adders
  A shadow imp (D:7)
  An ooze (D:3)
  3 adder skeletons
  2 adder zombies
  A dart slug (D:1)
  A worm (D:4)
  5 leopard geckos
  56 orcs
  6 hobgoblins
  2 jackals (D:7)
  4 quokkas
  2 ball pythons (D:3)
  6 bats
  A frilled lizard (D:4)
  9 goblins
  A goblin zombie (Ossuary)
  9 hobgoblin zombies (Ossuary)
  A jackal zombie (Ossuary)
  17 kobolds
  9 kobold zombies (Ossuary)
  2 leopard gecko skeletons
  2 orc skeletons (D:7)
  11 orc zombies
  A quokka skeleton (D:6)
  10 rats
276 creatures vanquished.

Vanquished Creatures (others)
  A shadow imp (D:8)
  3 kobolds (D:8)
4 creatures vanquished.

Grand Total: 280 creatures vanquished

Notes
Turn   | Place    | Note
-------+----------+-------------------------------------------
     0 | D:1      | MisterFreud the Gnoll Fighter began the quest for the Orb.
     0 | D:1      | Reached XP level 1. HP: 23/23 MP: 1/1
   164 | D:1      | Reached XP level 2. HP: 29/29 MP: 2/2
   800 | D:2      | Found an ornate altar of the Wu Jian Council.
   836 | D:2      | Reached XP level 3. HP: 35/35 MP: 3/3
  1205 | D:2      | You fall into a shaft and drop 1 floor!
  1212 | D:3      | Reached skill level 1 in Invocations
  1276 | D:3      | Noticed an eye of draining
  1277 | D:3      | Found a bloodstained altar of Trog.
  1277 | D:3      | Noticed an eye of draining
  1727 | D:2      | Killed an eye of draining
  1727 | D:2      | Reached skill level 1 in Long Blades
  1727 | D:2      | Reached skill level 1 in Axes
  1727 | D:2      | Reached skill level 1 in Maces & Flails
  1727 | D:2      | Reached skill level 1 in Polearms
  1727 | D:2      | Reached skill level 1 in Staves
  1727 | D:2      | Reached skill level 1 in Slings
  1727 | D:2      | Reached skill level 1 in Bows
  1727 | D:2      | Reached skill level 1 in Crossbows
  1727 | D:2      | Reached skill level 1 in Throwing
  1727 | D:2      | Reached skill level 1 in Dodging
  1727 | D:2      | Reached skill level 1 in Stealth
  1727 | D:2      | Reached skill level 1 in Unarmed Combat
  1727 | D:2      | Reached skill level 1 in Spellcasting
  1727 | D:2      | Reached skill level 1 in Conjurations
  1727 | D:2      | Reached skill level 1 in Hexes
  1727 | D:2      | Reached skill level 1 in Charms
  1727 | D:2      | Reached skill level 1 in Summonings
  1727 | D:2      | Reached skill level 1 in Necromancy
  1727 | D:2      | Reached skill level 1 in Translocations
  1727 | D:2      | Reached skill level 1 in Transmutations
  1727 | D:2      | Reached skill level 1 in Fire Magic
  1727 | D:2      | Reached skill level 1 in Ice Magic
  1727 | D:2      | Reached skill level 1 in Air Magic
  1727 | D:2      | Reached skill level 1 in Earth Magic
  1727 | D:2      | Reached skill level 1 in Poison Magic
  1727 | D:2      | Reached skill level 1 in Evocations
  1727 | D:2      | Reached XP level 4. HP: 41/41 MP: 0/6
  1727 | D:2      | Reached XP level 5. HP: 47/47 MP: 0/7
  1925 | D:3      | Killed an eye of draining
  1925 | D:3      | Reached XP level 6. HP: 52/53 MP: 0/8
  2029 | D:3      | Noticed an ice beast
  2079 | D:3      | Killed an ice beast
  2079 | D:3      | Reached skill level 5 in Short Blades
  2274 | D:3      | Found a shimmering altar of Xom.
  2274 | D:3      | Found a shimmering blue altar of Sif Muna.
  2727 | D:4      | Noticed Edmund
  2797 | D:4      | Reached XP level 7. HP: 56/59 MP: 10/10
  3394 | D:4      | Found Maverpho's Book Shoppe.
  3440 | D:4      | HP: 3/60 [ogre/+0 giant club (18)]
  3732 | D:4      | Reached XP level 8. HP: 67/67 MP: 12/12
  3810 | D:4      | Killed Edmund
  4109 | D:4      | Found a staircase to the Ecumenical Temple.
  4176 | Temple   | Entered the Ecumenical Temple
  4201 | Temple   | Became a worshipper of Ashenzari the Shackled
  4256 | D:5      | Entered Level 5 of the Dungeon
  5561 | D:4      | Found a burning altar of Makhleb.
  5670 | D:5      | Reached XP level 9. HP: 26/72 MP: 14/14
  6676 | D:6      | Found a glowing golden altar of the Shining One.
  6705 | D:6      | Noticed Prince Ribbit
  6744 | D:6      | Killed Prince Ribbit
  6854 | D:7      | Found a sand-covered staircase.
  6873 | Ossuary  | Entered an ossuary
  6913 | Ossuary  | Reached * piety under Ashenzari
  7208 | D:7      | Reached skill level 5 in Invocations
  7252 | D:7      | Found Wiryu's Magic Scroll Shop.
  7255 | D:7      | Bought a scroll of remove curse for 36 gold pieces
  7255 | D:7      | Bought a scroll of remove curse for 36 gold pieces
  7255 | D:7      | Bought a scroll of teleportation for 36 gold pieces
  7255 | D:7      | Bought a scroll of remove curse for 36 gold pieces
  7255 | D:7      | Bought a scroll of remove curse for 36 gold pieces
  7255 | D:7      | Bought a scroll of teleportation for 36 gold pieces
  7255 | D:7      | Bought a scroll of remove curse for 36 gold pieces
  7255 | D:7      | Bought a scroll of fear for 42 gold pieces
  7361 | D:7      | Noticed Joseph
  7414 | D:7      | Killed Joseph
  7414 | D:7      | Reached XP level 10. HP: 55/80 MP: 15/17
  7428 | D:7      | Found Zaupeiwk's Food Emporium.
  7689 | D:7      | Found Riheopou's Assorted Antiques.
  7701 | D:7      | Bought a lumpy golden potion for 21 gold pieces
  7701 | D:7      | Bought a scroll labeled TIT FUREACWO for 24 gold pieces
  8686 | D:7      | Reached skill level 5 in Long Blades
  8686 | D:7      | Reached skill level 5 in Axes
  8686 | D:7      | Reached skill level 5 in Maces & Flails
  8686 | D:7      | Reached skill level 5 in Polearms
  8686 | D:7      | Reached skill level 5 in Staves
  8686 | D:7      | Reached skill level 5 in Slings
  8686 | D:7      | Reached skill level 5 in Bows
  8686 | D:7      | Reached skill level 5 in Crossbows
  8686 | D:7      | Reached skill level 5 in Throwing
  8686 | D:7      | Reached skill level 5 in Dodging
  8686 | D:7      | Reached skill level 5 in Stealth
  8686 | D:7      | Reached skill level 5 in Unarmed Combat
  8686 | D:7      | Reached skill level 5 in Spellcasting
  8686 | D:7      | Reached skill level 5 in Evocations
  8822 | D:8      | Found a white marble altar of Elyvilon.
  8972 | D:8      | Noticed a two-headed ogre
  8976 | D:8      | Found a blossoming altar of Fedhas.
  8981 | D:8      | Killed a two-headed ogre
  9455 | D:9      | Noticed a two-headed ogre
  9477 | D:9      | Killed a two-headed ogre
  9959 | D:9      | Reached ** piety under Ashenzari
 10336 | D:9      | Reached XP level 11. HP: 71/87 MP: 19/19
 10548 | D:10     | Entered Level 10 of the Dungeon
 10559 | D:10     | Found a flagged portal.
 10575 | Bailey   | Entered a bailey
 10809 | Bailey   | Noticed an orc knight
 10813 | Bailey   | Identified the +11 crystal plate armour "Liepty" {rC++
                  | Int-4}
 10891 | Bailey   | Identified a +0 pair of boots of running (You found it in a
                  | bailey)
 10907 | Bailey   | Noticed an orc knight
 10918 | Bailey   | Mangled by an orc knight

Levels and vault maps discovered:
D:1:      dpeg_arrival_ratfight, layout_loops_ring
D:2:      layout_basic, lemuel_doored_altar
D:3:      layout_basic, gammafunk_temple_overflow_elements, first_ration,
          serial_undead, serial_undead_c, serial_undead_f, serial_undead_d,
          serial_undead_d, trog_eyes_of_draining
D:4:      lemuel_upstairs_altar, layout_rooms, minmay_temple_entry_glassed_door,
          serial_shops, shop, uniq_edmund
D:5:      minmay_chambers_of_threes, layout_basic
D:6:      layout_basic, tso_altar, uniq_prince_ribbit1
D:7:      layout_loops_ring, nicolae_ossuary_entry_catacombs, serial_shops,
          nicolae_shop_trees, nicolae_shop_statue_plus, nicolae_shop_trees,
          the_bakery, uniq_joseph
D:8:      layout_rooms, lemuel_crystal_altar, minivault_26, fedhas_altar_4
D:9:      layout_basic
D:10:     layout_long_grid, david_orc_2, enter_bailey_6, enter_trove_6,
          hangedman_decor_points, uniq_urug
Temple:   compressed_dpeg_circular_temple
Bailey:   bailey_polearm_1, bailey

Skill      XL: |  1  2  3  4  5  6  7  8  9 10 |
---------------+-------------------------------+-----
Invocations    | 1 2 3 4 5 6 |  6.4
Long Blades    | 1 2 3 4 5 |  5.8
Axes           | 1 2 3 4 5 |  5.8
Maces & Flails | 1 2 3 4 5 |  5.8
Polearms       | 1 2 3 4 5 |  5.8
Staves         | 1 2 3 4 5 |  5.8
Slings         | 1 2 3 4 5 |  5.8
Bows           | 1 2 3 4 5 |  5.8
Crossbows      | 1 2 3 4 5 |  5.8
Throwing       | 1 2 3 4 5 |  5.8
Dodging        | 1 2 3 4 5 |  5.8
Stealth        | 1 2 3 4 5 |  5.8
Unarmed Combat | 1 2 3 4 5 |  5.8
Spellcasting   | 1 2 3 4 5 |  5.8
Conjurations   | 1 2 3 4 |  4.8
Hexes          | 1 2 3 4 |  4.8
Charms         | 1 2 3 4 |  4.8
Summonings     | 1 2 3 4 |  4.8
Necromancy     | 1 2 3 4 |  4.8
Translocations | 1 2 3 4 |  4.8
Transmutations | 1 2 3 4 |  4.8
Fire Magic     | 1 2 3 4 |  4.8
Ice Magic      | 1 2 3 4 |  4.8
Air Magic      | 1 2 3 4 |  4.8
Earth Magic    | 1 2 3 4 |  4.8
Poison Magic   | 1 2 3 4 |  4.8
Evocations     | 1 2 3 4 5 |  5.8
Short Blades   | 5 6 7 |  7.5
Fighting       | 7 8 |  8.9
Armour         | 7 8 |  8.9
Shields        | 7 8 |  8.9

Action                   |  1- 3 |  4- 6 |  7- 9 | 10-12 || total
-------------------------+-------+-------+-------+-------++-------
Melee: Rapier            |    80 |       |   511 |   306 ||   897
       Bite              |    26 |    36 |   208 |    74 ||   344
       Dagger            |   114 |   198 |  1023 |       ||  1335
       Short sword       |       |       |       |   168 ||   168
Invok: Curse Item        |       |       |     2 |     1 ||     3
Evoke: Wand              |       |       |     4 |     3 ||     7
  Use: Potion            |       |     1 |       |     2 ||     3
       Scroll            |       |       |    10 |     8 ||    18
  Eat: Chunk             |     3 |     2 |    10 |    10 ||    25
       Ration            |       |       |     3 |       ||     3
Armor: Scale mail        |    52 |    39 |       |       ||    91
       Plate armour      |       |     6 |   460 |   193 ||   659
Dodge: Dodged            |    50 |    36 |   177 |    88 ||   351
Block: Kite shield       |    82 |    68 |   488 |   297 ||   935

Table legend:
 A = Non-vault XP
 B = Vault XP
 C = Vault XP percentage of total XP
 D = Non-vault monster count
 E = Vault monster count
 F = Vault count percentage of total count
                 A         B        C        D         E       F
            +---------+---------+-------+---------+---------+-------
      Total |    7300 |    2566 |  26.0 |     190 |      85 |  30.9
            +---------+---------+-------+---------+---------+-------
        D:1 |      24 |       5 |  17.2 |      15 |       5 |  25.0
        D:2 |      36 |     125 |  77.6 |      13 |       3 |  18.8
        D:3 |     185 |     197 |  51.6 |      19 |       6 |  24.0
        D:4 |     828 |     166 |  16.7 |      26 |       1 |   3.7
        D:5 |     798 |     200 |  20.0 |      22 |       7 |  24.1
        D:6 |     581 |     274 |  32.0 |      20 |       1 |   4.8
        D:7 |     710 |     844 |  54.3 |      25 |       8 |  24.2
        D:8 |    1689 |       0 |   0.0 |      24 |       0 |   0.0
        D:9 |    2449 |       0 |   0.0 |      26 |       0 |   0.0
    Ossuary |       0 |     454 | 100.0 |       0 |      39 | 100.0
     Bailey |       0 |     301 | 100.0 |       0 |      15 | 100.0
            +---------+---------+-------+---------+---------+-------
